 Dungeon Crawl Stone Soup version 0.29-a0-25-g7f48f510a0 (webtiles) character file.

Game seed: 242309704068842831

6960 Nattfarinn the Blocker (level 10, -5/98 HPs)
             Began as a Deep Dwarf Necromancer on Jan 31, 2022.
             Was a Believer of Makhleb.
             Slain by a two-headed ogre (16 damage)
             ... on level 10 of the Dungeon.
             The game lasted 00:28:07 (10669 turns).

Nattfarinn the Blocker (Deep Dwarf Necromancer)    Turns: 10669, Time: 00:28:08

Health: -5/98      AC: 13    Str: 13    XL:     10   Next: 81%
Magic:  13/19      EV: 11    Int: 19    God:    Makhleb [**....]
Gold:   565        SH:  0    Dex: 13    Spells: 19/24 levels left

rFire   . . .      SeeInvis .   C - +8 demon trident "Rift" {distort, reach+}
rCold   . . .      Faith    +   (no shield)
rNeg    . . .      Spirit   .   l - +0 swamp dragon scales
rPois   +          Reflect  .   s - +2 helmet
rElec   .          Harm     .   G - +2 cloak
rCorr   .          Rampage  .   (no gloves)
Will    +....                   (no boots)
Stlth   +.........              b - amulet of faith
HPRegen 0.00/turn               (no ring)
MPRegen 0.16/turn               (no ring)

@: studying Unarmed Combat
A: damage resistance, heal wounds, sense surroundings 2, no regeneration, talons
1, poison resistance, MP-powered wands
a: Heal Wounds, Renounce Religion, Minor Destruction


You were on level 10 of the Dungeon.
You worshipped Makhleb.
Makhleb was pleased with you.
You visited 2 branches of the dungeon, and saw 11 of its levels.

You collected 565 gold pieces.

Inventory:

Hand Weapons
 j - a +1 dagger of flaming
 n - a +1 short sword of electrocution
 C - the +8 demon trident "Rift" (weapon) {distort, reach+}
   (You found it on level 5 of the Dungeon)

   It warps and distorts space around it, and may blink, banish, or inflict
   extra damage upon those it strikes.
   Unwielding it can cause banishment or high damage.
   It can reach especially far, and its reaching attacks ignore other creatures
   in the way.
Missiles
 i - 3 silver javelins
 z - 415 stones
Armour
 a - a +0 robe
 l - +0 swamp dragon scales (worn)
 r - a +2 robe of positive energy
 s - a +2 helmet (worn)
 y - a +2 kite shield
 G - a +2 cloak (worn)
Jewellery
 b - an amulet of faith (around neck)
 q - a ring of flight
 x - an amulet of magic regeneration
 M - a +6 ring of strength
Wands
 p - a wand of polymorph (14)
 u - a wand of digging (3)
 w - a wand of flame (11)
 A - a wand of paralysis (2)
 K - a wand of acid (5)
Scrolls
 d - a scroll of teleportation
 f - 2 scrolls of fear {unknown}
 g - 2 scrolls of vulnerability {unknown}
 h - a scroll of enchant weapon {unknown}
 k - 3 scrolls of identify
 m - 3 scrolls of fog
 o - a scroll of blinking {unknown}
 t - 3 scrolls of holy word
 B - a scroll of silence {unknown}
 D - a scroll of torment {unknown}
 F - a scroll of immolation {unknown}
Potions
 c - 5 potions of attraction
 e - 2 potions of mutation
 v - a potion of ambrosia {unknown}
 E - a potion of brilliance {unknown}
 H - a potion of resistance
 I - a potion of experience {unknown}
 J - 3 potions of invisibility
 L - a potion of lignification {unknown}


   Skills:
 - Level 8.6 Fighting
 - Level 2.1 Dodging
 - Level 2.4 Stealth
 + Level 9.4 Shields
 - Level 7.5 Spellcasting
 - Level 8.1 Necromancy


You had 19 spell levels left.
You knew the following spells:

 Your Spells              Type           Power      Damage    Failure   Level
a - Pain                  Necr           100%       1d9       1%          1
b - Vampiric Draining     Necr           38%        2d8       2%          3
c - Sandblast             Erth           14%        2d6       22%         1

Your spell library contained the following spells:

 Spells                   Type           Power      Damage    Failure   Level
 Animate Skeleton         Necr           76%        N/A       1%          1
 Animate Dead             Necr           19%        N/A       8%          4
 Agony                    Necr           38%        N/A       21%         5
 Magic Dart               Conj           28%        1d4       22%         1
 Blink                    Tloc           14%        N/A       32%         2
 Call Canine Familiar     Summ           7%         N/A       54%         3
 Dazzling Flash           Conj/Hex       14%        N/A       54%         3
 Ozocubu's Armour         Ice            7%         N/A       54%         3
 Portal Projectile        Hex/Tloc       14%        N/A       54%         3
 Leda's Liquefaction      Hex/Erth       3%         N/A       91%         4
 Fireball                 Conj/Fire      3%         3d4       99%         5
 Manifold Assault         Tloc           7%         N/A       99%         5
 Metabolic Englaciation   Hex/Ice        3%         N/A       99%         5
 Silence                  Hex/Air        3%         N/A       99%         5
 Simulacrum               Ice/Necr       11%        N/A       99%         6
 Storm Form               Tmut/Air       3%         N/A       100%        7
 Fire Storm               Conj/Fire      3%         8d1       100%        9


Dungeon Overview and Level Annotations

Branches:
Dungeon (10/15)            Temple (1/1) D:7
   Lair: D:8-11         Orc: D:9-12

Altars:
Ashenzari
Cheibriados
Dithmenos
Elyvilon
Fedhas
Gozag
Hepliaklqana
Kikubaaqudgha
Makhleb
Nemelex Xobeh
Okawaru
Qazlal
Ru
Sif Muna
Trog
Uskayaw
Vehumet
Wu Jian
Xom
Yredelemnul
Zin
The Shining One
Lugonu

Shops:
D:2 [   D:3 (   D:5 [   D:7 :

Annotations:
D:7 2 transporters
D:8 3 runed translucent doors
Abyss:1 Crazy Yiuf, Urug


Innate Abilities, Weirdness & Mutations

You are resistant to damage.
You can heal yourself by infusing magical energy.
You passively map the area around you.
You do not regenerate.
You have sharp toenails.
Your system is resistant to poisons. (rPois)
You expend magic power (3 MP) to strengthen your wands.


Message History

The orc shouts!
You draw life force from the orc!
You kill the orc!
Makhleb accepts your kill.
You feel life coursing into your body.
Things that are here:
a +0 club; a +0 falchion; an orc skeleton
I - a pink potion
M - a +6 ring of strength You now have 565 gold pieces (gained 9).
A two-headed ogre comes into view. It is wielding two +0 giant clubs.
The two-headed ogre shouts in stereo!
Okay, then.
Reach: C) +8 demon trident "Rift" {distort, reach+}
Press: ? - help, Dir - move target, f - two-headed ogre
Aim: a two-headed ogre, wielding two +0 giant clubs (about 20% to evade the +8 demon trident "Rift")
You puncture the two-headed ogre!
Space warps horribly around the two-headed ogre!!
The two-headed ogre is heavily wounded.
You are too injured to fight recklessly!
Casting: Vampiric Draining (mildly dangerous; 2% risk of failure)
Confirm with . or Enter, or press ? or * to list all spells.
Aiming: Vampiric Draining (mildly dangerous; 2% risk of failure)
Press: ? - help, Shift-Dir - straight line, f/p - two-headed ogre
Aim: a two-headed ogre, wielding two +0 giant clubs (heavily wounded)
You draw life force from the two-headed ogre!
You feel life coursing into your body.
Casting: Vampiric Draining (mildly dangerous; 2% risk of failure)
Confirm with . or Enter, or press ? or * to list all spells.
Aiming: Vampiric Draining (mildly dangerous; 2% risk of failure)
Press: ? - help, Shift-Dir - straight line, f/p - two-headed ogre
Aim: a two-headed ogre, wielding two +0 giant clubs (heavily wounded)
You draw life force from the two-headed ogre!
You feel life coursing into your body. The two-headed ogre barely misses you.
The two-headed ogre hits you with a +0 giant club!
Unknown command.
The two-headed ogre hits you with a +0 giant club!!
* * * LOW HITPOINT WARNING * * *
The two-headed ogre hits you with a +0 giant club!!
You die...

#...........).#
#.#.### , , *
#...........###
#.#.... ,, ,
#.........).#
#.###.# * **
#...........#
#.. # *
#...........#
#######
#...........#
#.<....
#######...###
####### ,
##...### <
#..@O# ' #....#
, , #....# ,',
#....# * , *
#....# , *
#....# * , * ,
#....# , , ,
'....# *, ,*


You could see a two-headed ogre.

Vanquished Creatures
  An ugly thing (D:8)
  Maggie (D:6)
  A troll (D:9)
  A wyvern (D:9)
  A shadow (D:10)
  Eustachio (D:5)
  A wraith (D:9)
  3 yaks (D:9)
  2 steam dragons (D:9)
  Menkaure (D:5)
  Edmund (D:5)
  An acid dragon (D:8)
  A water moccasin (D:7)
  3 sky beasts (D:9)
  5 orc warriors
  A necrophage (D:7)
  A hornet zombie (D:6)
  2 black bears
  2 ice beasts (D:6)
  3 centaurs
  2 ogres (D:6)
  3 kobold brigands
  Blork the orc (D:6)
  A bullfrog (D:9)
  A gnoll sergeant (D:9)
  A scorpion (D:6)
  3 jellies
  8 killer bees (D:9)
  A howler monkey (D:9)
  3 hounds
  A gnoll shaman (D:7)
  2 orc priests
  A centaur skeleton (D:7)
  2 iguanas
  Natasha (thrice) (D:4)
  4 orc wizards
  2 howler monkey zombies (D:8)
  11 gnolls
  6 adders
  A shadow imp (D:5)
  3 white imps
  An ufetubus (D:4)
  An adder skeleton (D:4)
  32 orcs
  7 ball pythons
  2 bats (D:2)
  7 endoplasms
  2 giant cockroaches
  4 goblins
  5 hobgoblins
  5 jackals
  18 kobolds
  5 quokkas
  A frilled lizard (D:3)
  5 rats
188 creatures vanquished.

Vanquished Creatures (others)
  An orc wizard (D:6)
  A plant (D:1)
2 creatures vanquished.

Grand Total: 190 creatures vanquished

Notes
Turn   | Place    | Note
-------+----------+-------------------------------------------
     0 | D:1      | Nattfarinn the Deep Dwarf Necromancer began the quest for
                  | the Orb.
     0 | D:1      | Reached XP level 1. HP: 15/15 MP: 3/3
   192 | D:1      | Reached XP level 2. HP: 19/22 MP: 3/5
   579 | D:1      | Got the Catalogue of Confrontation and the Rocks
   732 | D:1      | Found a faded altar of an unknown god.
   874 | D:2      | Reached XP level 3. HP: 16/28 MP: 0/7
   891 | D:2      | Learned a level 3 spell: Vampiric Draining
  1408 | D:2      | Found Paung's Antique Armour Shoppe.
  2127 | D:3      | Found Uptattuo's Antique Weapon Emporium.
  2193 | D:3      | Reached skill level 5 in Necromancy
  2193 | D:3      | Reached XP level 4. HP: 34/36 MP: 4/8
  2741 | D:4      | Noticed Natasha
  2748 | D:4      | Killed Natasha
  2749 | D:4      | Reached XP level 5. HP: 37/42 MP: 3/10
  2779 | D:4      | Noticed Natasha
  2784 | D:4      | Killed Natasha
  2836 | D:4      | Noticed Natasha
  2850 | D:4      | Killed Natasha
  3337 | D:5      | Entered Level 5 of the Dungeon
  3390 | D:5      | Noticed Menkaure
  3583 | D:5      | Reached XP level 6. HP: 10/49 MP: 1/12
  3688 | D:5      | Noticed Eustachio
  3709 | D:5      | Killed Eustachio
  3710 | D:5      | Reached skill level 5 in Spellcasting
  3799 | D:5      | Found Holut's Armour Shoppe.
  3944 | D:5      | Noticed Edmund
  3956 | D:5      | Killed Edmund
  3957 | D:5      | Reached XP level 7. HP: 44/55 MP: 10/15
  4207 | D:5      | Learned a level 1 spell: Sandblast
  4676 | D:5      | Found the +8 demon trident "Rift" {distort, reach+}
  5139 | D:5      | Killed Menkaure
  5828 | D:6      | Reached XP level 8. HP: 21/62 MP: 1/16
  5834 | D:6      | Noticed Maggie
  5852 | D:6      | Gained mutation: You have sharp toenails. [potion of
                  | mutation]
  5852 | D:6      | Gained mutation: You have hidden genetic potential. [potion
                  | of mutation]
  5864 | D:6      | Killed Maggie
  6235 | D:6      | Reached skill level 1 in Fighting
  6636 | D:6      | Noticed Blork the orc
  6685 | D:6      | Killed Blork the orc
  6686 | D:6      | Gained mutation: You passively map the area around you.
                  | [Deep Dwarf growth]
  6686 | D:6      | Reached XP level 9. HP: 45/78 MP: 2/18
  6871 | D:6      | Found a runed translucent door.
  6872 | D:6      | Noticed Crazy Yiuf
  7045 | D:6      | Banished Crazy Yiuf
  7064 | D:6      | Gained mutation: You expend magic power (3 MP) to
                  | strengthen your wands. [hidden potential]
  7172 | D:7      | Found Wola's Self-Improvement Boutique.
  7197 | D:7      | Reached skill level 5 in Fighting
  7664 | D:7      | Found a transporter.
  7668 | D:7      | Found a transporter.
  7669 | D:7      | Found a corrupted altar of Lugonu.
  7670 | D:7      | Noticed a white ugly thing
  8029 | D:7      | Found a staircase to the Ecumenical Temple.
  8061 | D:7      | Noticed a brown ugly thing
  8062 | D:7      | Noticed a white ugly thing
  8084 | Temple   | Entered the Ecumenical Temple
  8327 | Temple   | Became a worshipper of Makhleb the Destroyer
  8667 | D:8      | Found a runed translucent door.
  8667 | D:8      | Noticed a troll
  8668 | D:8      | Noticed a four-headed hydra
  8668 | D:8      | Noticed a two-headed ogre
  8669 | D:8      | Found a runed translucent door.
  8670 | D:8      | Found a runed translucent door.
  8670 | D:8      | Noticed a cyclops
  8712 | D:8      | Found an opulent altar of Gozag.
  8741 | D:8      | Reached * piety under Makhleb
  8754 | D:8      | Noticed a purple ugly thing
  8766 | D:8      | Killed a purple ugly thing
  9258 | D:9      | Reached skill level 1 in Shields
  9272 | D:9      | Reached skill level 2 in Shields
  9272 | D:9      | Reached XP level 10. HP: 85/98 MP: 19/19
  9286 | D:9      | Reached skill level 3 in Shields
  9298 | D:9      | Gained mutation: Your system is resistant to poisons.
                  | (rPois) [hidden potential]
  9298 | D:9      | Lost mutation: You have hidden genetic potential. [hidden
                  | potential expressed]
  9510 | D:9      | Reached skill level 4 in Shields
  9715 | D:9      | Reached skill level 5 in Shields
  9720 | D:9      | Reached skill level 6 in Shields
  9756 | D:9      | Reached ** piety under Makhleb
 10080 | D:9      | Reached skill level 7 in Shields
 10294 | D:9      | Reached skill level 8 in Shields
 10354 | D:10     | Entered Level 10 of the Dungeon
 10398 | D:10     | Noticed Urug
 10416 | D:10     | Banished Urug
 10417 | D:10     | Reached skill level 9 in Shields
 10639 | D:10     | Found the amulet of Vitality {Regen+ HP+15}
 10662 | D:10     | Noticed a two-headed ogre
 10669 | D:10     | Slain by a two-headed ogre

Illustrated notes

Levels and vault maps discovered:
D:1:      heliophobic_arrival_ceremonial_halls, layout_basic,
          shapermc_ecumenical_altar_acropolis, minmay_strange_pillars,
          amcnicky_mini_pool_small
D:2:      layout_rooms, serial_shops, shop
D:3:      layout_basic, serial_shops, shop
D:4:      layout_rooms, eino_curves_02, uniq_natasha
D:5:      layout_gridville, serial_shops, shop, uniq_menkaure, uniq_eustachio,
          uniq_edmund
D:6:      layout_basic, hex_tiny, grunt_ministairs_4, uniq_crazy_yiuf_cottage,
          uniq_blork_the_orc, uniq_maggie
D:7:      gammafunk_corrupted_shrine, layout_cave_pools,
          minmay_temple_entry_wispy, nicolae_shop_self_help
D:8:      minmay_the_grid_triangle_9x9_rhombus_full
          [minmay_the_grid_triangle_9x9_dagger,
          minmay_the_grid_triangle_9x9_thin_v,
          minmay_the_grid_triangle_9x9_fully_insulated_deathbox,
          minmay_the_grid_triangle_9x9_wacky_v,
          minmay_the_grid_triangle_9x9_corruption,
          minmay_the_grid_triangle_9x9_descending_squares,
          minmay_the_grid_triangle_9x9_shrine,
          minmay_the_grid_triangle_9x9_prize_schism], layout_cave_pools,
          nicolae_gozag_cash_rules_everything_around_me, minmay_manual_monolith
D:9:      layout_rooms, hangedman_misty_isle
D:10:     layout_roguey, uniq_nergalle, uniq_urug
Temple:   mainiacjoe_temple_archimedes_tessellation

Skill      XL: |  1  2  3  4  5  6  7  8  9 10 |
---------------+-------------------------------+-----
Spellcasting   | 2 3 4 5 6 7 |  7.5
Necromancy     | 5 6 7 8 |  8.1
Fighting       | 4 8 |  8.6
Shields        | 2 9 |  9.4
Dodging        | |  2.1
Stealth        | |  2.4

Action                   |  1- 3 |  4- 6 |  7- 9 | 10-12 || total
-------------------------+-------+-------+-------+-------++-------
Melee: Unarmed           |    11 |    11 |       |       ||    22
       Dagger            |     6 |    68 |     2 |       ||    76
       Demon trident     |       |       |   152 |    68 ||   220
       Kick              |       |       |    12 |     4 ||    16
       Punch             |       |       |     1 |       ||     1
 Cast: Pain              |    53 |       |       |       ||    53
       Vampiric Draining |    12 |    33 |    73 |    34 ||   152
       Sandblast         |       |       |     7 |       ||     7
 Abil: Heal Wounds       |       |     1 |     4 |       ||     5
Evoke: Wand              |       |     3 |       |       ||     3
  Use: Potion            |       |       |     8 |     1 ||     9
       Scroll            |       |       |     7 |     1 ||     8
 Stab: Sleeping          |       |       |     6 |     1 ||     7
       Distracted        |       |       |     1 |       ||     1
Armor: Robe              |     6 |     6 |     8 |       ||    20
       Swamp dragon scal |       |       |    88 |    47 ||   135
Dodge: Dodged            |    24 |    79 |   118 |    56 ||   277

Table legend: (Time is in decaauts)
 A = Elapsed time spent in this place.
 B = Non-inter-level travel time spent in this place.
 C = Inter-level travel time spent in this place.
 D = Time resting spent in this place.
 E = Time spent auto-exploring this place.
 F = Levels seen in this place.
 G = Mean time per level.
                   A        B        C        D        E       F      G
               +--------+--------+--------+--------+--------+-----+--------+
         Total |  10733 |  10256 |    477 |   1820 |   6880 |  11 |  975.7 |
       Dungeon |  10458 |  10044 |    414 |   1820 |   6688 |  10 | 1045.8 |
        Temple |    274 |    211 |     63 |      0 |    192 |   1 |  274.0 |
               +--------+--------+--------+--------+--------+-----+--------+

Top non-repeatable levels by time:
     D:6: 1919 daAuts
     D:5: 1631 daAuts
     D:2: 975 daAuts
     D:8: 975 daAuts
     D:4: 964 daAuts
     D:3: 942 daAuts
     D:9: 926 daAuts
     D:7: 921 daAuts
     D:1: 884 daAuts
    D:10: 317 daAuts
  Temple: 274 daAuts
